 Dungeon Crawl Stone Soup version 0.27-a0-828-g8289197e94 (webtiles) character file.

Game seed: 477292305882128432

37 polve the Changer (level 3, -4/26 HPs)
             Began as a Merfolk Transmuter on Mar 30, 2021.
             Killed from afar by Natasha (13 damage)
             ... with a puff of flame
             ... on level 2 of the Dungeon.
             The game lasted 00:00:34 (1425 turns).

polve the Changer (Merfolk Transmuter)              Turns: 1425, Time: 00:00:35

Health: -4/26      AC:  2    Str: 10    XL:     3   Next: 39%
Magic:  5/6        EV: 12    Int: 13    God:
Gold:   19         SH:  0    Dex: 14    Spells: 5/6 levels left

rFire    . . .     SeeInvis .     - Unarmed
rCold    . . .     Faith    .   (no shield)
rNeg     . . .     Spirit   .   a - +0 robe
rPois    .         Reflect  .   (helmet currently unavailable)
rElec    .         Harm     .   (no cloak)
rCorr    .         Rampage  .   (no gloves)
Will     .....                  (boots currently unavailable)
Stlth    +.........             (no amulet)
HPRegen  0.08/turn              (no ring)
MPRegen  0.10/turn              (no ring)

@: appendages
A: horns 2, (nimble swimmer 2), mertail
a: End Transformation


You were on level 2 of the Dungeon.
You had temporarily grown beastly horns.
You visited 1 branch of the dungeon, and saw 2 of its levels.

You collected 19 gold pieces.

Inventory:

Armour
 a - a +0 robe (worn)
Scrolls
 b - a scroll of noise {unknown}
 d - a scroll of identify {unknown}
 f - a scroll of fog {unknown}
Potions
 c - 2 potions of brilliance {unknown}
 e - a potion of curing {unknown}
 g - a potion of haste {unknown}
 h - a potion of heal wounds {unknown}


   Skills:
 - Level 1.1 Fighting
 - Level 2.6 Dodging
 - Level 3.2 Unarmed Combat
 - Level 2.0 Spellcasting
 + Level 5.0 Transmutations


You had 5 spell levels left.
You knew the following spells:

 Your Spells              Type           Power      Damage    Failure   Level
a - Beastly Appendage     Tmut           28%        N/A       3%          1

Your spell library contained the following spells:

 Spells                   Type           Power      Damage    Failure   Level
 Wereblood                Tmut           14%        N/A       4%          2
 Spider Form              Tmut/Pois      3%         N/A       26%         3
 Ice Form                 Ice/Tmut       7%         N/A       65%         4
 Hydra Form               Tmut           7%         N/A       65%         5


Dungeon Overview and Level Annotations

Branches:
Dungeon (2/15)

Altars:

Annotations:
D:2 Natasha


Innate Abilities, Weirdness & Mutations

You have temporarily grown beastly horns.
((You are quick and stealthy near water. (Stealth+, EV+, Speed+++)))
Your lower body shifts to a powerful aquatic tail in water.


Message History

Natasha is severely wounded.
Natasha claws you!
You hit Natasha.
Natasha is almost dead.
The white imp closely misses you. Natasha barely misses you.
You hit Natasha but do no damage.
Natasha is almost dead.
The white imp hits you but does no damage.
You barely miss Natasha. You headbutt Natasha.
You kill Natasha!
Natasha screams in fury as she dies!
The shadow imp disappears in a puff of smoke!
The white imp disappears in a puff of smoke! x2
Your Transmutations skill increases to level 5!
You have reached level 3!
Your experience leads to an increase in your attributes!
Increase (S)trength, (I)ntelligence, or (D)exterity?
You feel clever.
Your horns disappear.
Natasha, Servant of Life and Death comes into view.
She is carrying a wand of flame (20).
Natasha is nearby!
Natasha is nearby!
Natasha is nearby!
Natasha is nearby!
You are too injured to fight recklessly!
You are too injured to fight recklessly!
You are too injured to fight recklessly!
You are too injured to fight recklessly!
Natasha hisses angrily.
Natasha casts a spell at you. The magic dart hits you.
Casting: Beastly Appendage (safe; 3% risk of failure)
Confirm with . or Enter, or press ? or * to list all spells.
You grow a pair of large bovine horns.
Natasha casts a spell at you. The magic dart hits you.
Found a club.
Natasha zaps a wand.
The puff of flame hits you!
Ouch! That really hurt!
You die...

#######
....... ####
....... #..#
.....). #..###
....... #.<..#
.......
##.#.##.......
#.†..@..h....
###†##.......
#.# #.###..
#.. .# #.## #
#.# #.# ###


You could see Natasha.

Vanquished Creatures
  Natasha (D:2)
  3 endoplasms (D:1)
  A goblin (D:1)
  3 hobgoblins
  A ball python (D:1)
  A bat (D:1)
  A frilled lizard (D:1)
  A rat (D:1)
12 creatures vanquished.

Notes
Turn   | Place    | Note
-------+----------+-------------------------------------------
     0 | D:1      | polve the Merfolk Transmuter began the quest for the Orb.
     0 | D:1      | Reached XP level 1. HP: 15/15 MP: 3/3
   152 | D:1      | Reached skill level 3 in Transmutations
   642 | D:1      | Reached XP level 2. HP: 16/21 MP: 5/5
  1312 | D:2      | Noticed Natasha
  1314 | D:2      | Reached skill level 4 in Transmutations
  1327 | D:2      | Killed Natasha
  1328 | D:2      | Reached skill level 5 in Transmutations
  1328 | D:2      | Reached XP level 3. HP: 10/26 MP: 6/6
  1421 | D:2      | Noticed Natasha
  1425 | D:2      | Killed from afar by Natasha

Illustrated notes

Levels and vault maps discovered:
D:1:      amcnicky_arrival_underground_garden, layout_basic
D:2:      layout_rooms, old_standard_altar, kennysheep_vampire_church,
          uniq_natasha, uniq_crazy_yiuf_cottage, uniq_sigmund, uniq_robin

Skill      XL: |  1  2 |
---------------+-------+-----
Transmutations | 3 5 |  5.0
Fighting       | |  1.1
Dodging        | |  2.6
Unarmed Combat | |  3.2
Spellcasting   | |  2.0

Action                   || total
-------------------------++-------
Melee: Unarmed           ||    44
       Headbutt          ||     4
       Punch             ||     2
 Cast: Beastly Appendage ||     7
Armor: Robe              ||     6
Dodge: Dodged            ||    18

Table legend: (Time is in decaauts)
 A = Elapsed time spent in this place.
 B = Non-inter-level travel time spent in this place.
 C = Inter-level travel time spent in this place.
 D = Time resting spent in this place.
 E = Time spent auto-exploring this place.
 F = Levels seen in this place.
 G = Mean time per level.
                   A        B        C        D        E       F      G
               +--------+--------+--------+--------+--------+-----+--------+
         Total |   1422 |   1407 |     15 |      0 |   1307 |   2 |  711.0 |
       Dungeon |   1422 |   1407 |     15 |      0 |   1307 |   2 |  711.0 |
               +--------+--------+--------+--------+--------+-----+--------+

Top non-repeatable levels by time:
     D:1: 1307 daAuts
     D:2: 115 daAuts
